← All builds
Tech / Armada / Economy first / OBSERVED BUILD

Standard tech

Standard Tech play: rush T2 factory and constructor by ~4:15-4:33, upgrade the first mexes to advanced, and hand off constructors and army to Geo and allies while scaling eco over the game.

Usually first T2 con to Geo (85%)

#eco #t2 #team support · 732 distinct matches · 105 players · 59% of Armada Tech games · team won 53% of 850 · Recently observed

HOW TO PLAY IT

Key timing: T2 lab by 4:15

  1. Take 3 mex, then wind and a Bot Lab to open eco fast.
  2. Push T2 lab out, aim to pass T2 to air player.
  3. Get first T2 constructor building, prioritize mex upgrades over eco.
  4. Finish Advanced Metal Extractor, keep upgrading team's mex.
  5. Add fus and anti-nuke, keep feeding T2 cons and Umbrella/Citadel to team.

Phase by phase

TYPICAL OF ITS 732 GAMES
  1. 1
  2. 2
  3. 3
  4. 4
PLAY THE OPENING

Follow the example game's first 6:00 step by step: what to build now, what comes next, and where it goes. At 1× it keeps pace with your own game.

  1. 1

    Up to the Bot Lab

    Economy
    • Metal Extractor3Mex
    • Wind Turbine4Wind
    Order
    1. Bot LabBot Lab after 3 mex, 4 winddone ~1:17, middle half 1:13–1:32

    By 1:01 in all: 3 mex · 4 wind

    The example game in this phase · 5 steps
    1. Mex ×3
    2. Solar
    3. Wind ×2
    4. Energy storage
    5. Bot LabBot Labdone 1:28 · typical 1:17
  2. 2

    Bot Lab to Advanced Bot Lab

    Economy
    • Metal Extractor1Mex
    • Wind Turbine8Wind
    • Energy Storage1Energy storage
    Order
    1. Advanced Bot LabAdvanced Bot Lab after 4 mex, 12 wind, 3 con turretdone ~4:15, middle half 4:04–4:27
    Builders
    • Construction Turret3 Con turret
    • Lazarus3 Lazarus
    • Construction Bot2 Con bot
    • Construction Bot1 Con bot for allies

    Some games also: converter (36%)

    By 3:20 in all: 4 mex · 12 wind · 1 energy storage · 3 con turret

    The example game in this phase · 19 steps
    1. Wind
    2. Construction BotCon bot
    3. Wind ×3
    4. LazarusLazarus
    5. Con turret
    6. Wind
    7. LazarusLazarus
    8. Wind
    9. Construction BotCon bot
    10. Mex
    11. Wind ×2
    12. LazarusLazarus
    13. Wind
    14. Con turret
    15. Wind ×2
    16. Energy storage
    17. Con turret
    18. Converter ×2
    19. Advanced Bot LabAdvanced Bot Labdone 4:27 · typical 4:15
  3. 3

    Advanced Bot Lab to 5:00

    Economy
    • Wind Turbine2Wind
    Builders
    • Advanced Construction Bot1 T2 con bot for allies

    Some games also: converter (35%)

    By 5:00 in all: 4 mex · 15 wind · 2 converter · 1 energy storage · 3 con turret

    The example game in this phase · 3 steps
    1. Converter ×2
    2. Advanced Construction BotT2 con botfor Geo
    3. Advanced Metal ExtractorT2 mexdone 5:17 · typical 5:28
  4. 4

    5:00 to 10:00

    Economy
    • Wind Turbine44Wind
    • Energy Converter6Converter
    Builders
    • Butler8 Butler
    • Advanced Construction Bot4 T2 con bot for allies
    • Advanced Construction Bot1 T2 con bot

    Some games also: con turret (47%) · Butler for allies (38%)

    By 10:00 in all: 4 mex · 59 wind · 8 converter · 1 energy storage · 3 con turret

    The example game in this phase · 151 steps
    1. Advanced Construction BotT2 con botfor Air
    2. Mexfor Beach sea
    3. ButlerButler
    4. Advanced Metal ExtractorT2 mex
    5. Wind
    6. ButlerButler
    7. Converter
    8. Advanced Metal ExtractorT2 mex
    9. Wind ×2
    10. Converter
    11. Advanced Metal ExtractorT2 mex
    12. Wind ×2
    13. Advanced Metal ExtractorT2 mex
    14. Wind
    15. Advanced Construction BotT2 con botfor Geo sea
    16. Wind ×11
    17. Advanced Construction BotT2 con botfor Pond
    18. Wind ×3
    19. Advanced Construction BotT2 con botfor Beach sea
    20. Wind ×5
    21. SprinterSprinter
    22. Wind
    23. SprinterSprinter
    24. Wind ×7
    25. Advanced Construction BotT2 con bot
    26. ButlerButler
    27. Wind ×2
    28. ButlerButler
    29. Wind
    30. ButlerButler
    31. Wind ×2
    32. ButlerButler
    33. Wind
    34. ButlerButler
    35. Wind
    36. ButlerButler
    37. Wind ×2
    38. ButlerButler
    39. Wind ×3
    40. Advanced Construction BotT2 con bot
    41. Wind ×2
    42. Con turret
    43. Wind ×7
    44. Converter
    45. Wind ×4
    46. Converter
    47. Wind
    48. Con turret
    49. Wind ×2
    50. CitadelAnti-nukedone 11:30
    51. Converter
    52. Wind ×3
    53. Con turret
    54. Wind
    55. Converter
    56. Con turret
    57. Converter
    58. Metal storage
    59. Converter ×6
    60. TracerTracer
    61. Converter ×3
    62. Con turret
    63. Converter
    64. TumbleweedRolling bomb
    65. Con turret
    66. Converter
    67. TumbleweedRolling bomb
    68. Converter
    69. TumbleweedRolling bomb
    70. Converter
    71. TumbleweedRolling bomb
    72. Wind
    73. TumbleweedRolling bomb
    74. Wind ×3
    75. Converter
    76. TumbleweedRolling bomb
    77. Wind ×3
    78. TumbleweedRolling bomb
    79. Converter
    80. Wind
    81. TumbleweedRolling bomb
    82. Wind ×3
    83. Converter
    84. TumbleweedRolling bomb
    85. Wind ×3
    86. TumbleweedRolling bomb
    87. Converter
    88. Wind ×3
    89. Converter
    90. Wind ×4
    91. Converter
    92. Wind ×2
    93. Converter
    94. Wind ×3
    95. Converter
    96. Wind ×6
    97. Converter
    98. Wind ×4
    99. Converter
    100. Wind ×4
    101. Converter
    102. Wind ×3
    103. Advanced Construction BotT2 con bot
    104. Wind
    105. Converter
    106. Wind ×4
    107. Converter
    108. Wind ×2
    109. Con turret
    110. Wind ×2
    111. Converter
    112. Wind ×3
    113. Converter
    114. Wind ×3
    115. Con turret
    116. Wind ×2
    117. Con turret
    118. Converter
    119. Wind ×2
    120. Con turret
    121. Wind ×3
    122. Converter
    123. Wind ×4
    124. Fusion ReactorFusiondone 14:27
    125. Converter
    126. Con turret
    127. Wind ×4
    128. Con turret
    129. Converter
    130. Wind ×4
    131. Con turret
    132. Converter
    133. Wind ×3
    134. Con turret
    135. Wind ×3
    136. Converter
    137. Con turret
    138. Wind ×4
    139. Con turret
    140. Converter
    141. Wind ×4
    142. Converter
    143. Wind
    144. Fusion ReactorFusion
    145. Wind ×4
    146. Converter
    147. Wind ×3
    148. Converter
    149. Wind ×4
    150. Converter
    151. Wind ×3

Counts are medians over the build's games: half of them build more, half fewer. The example game is Amrissa's (39 OS, 21/09/2026); pick another.

Team trades

IN AT LEAST 30% OF ITS GAMES

You hand over

  • Construction Bot1 Con bot to Airfirst at 2:23 · in 88% of games
  • Advanced Construction Bot5 T2 con bot to Air or Geo sea or Pondfirst at 4:47 · in 99% of games
  • Sharpshooter2 Sniper bot to Pondfirst at 5:21 · in 33% of games
  • Butler2 Butler to Geo sea or Beach sea or Pondfirst at 9:03 · in 42% of games

You get

  • Hercules1 Light transport from Airfirst at 4:00 · in 86% of games

How it plays out

Typical game of this build, running totals by minute

Metal produced

020k40k
0:005:0010:0015:00

metal

Enemy metal destroyed

0200400
0:005:0010:0015:00

metal

Own metal lost

0100200300
0:005:0010:0015:00

metal

850 games.

Show as table
ByMetal produced: This buildEnemy metal destroyed: This buildOwn metal lost: This build
1:0038300
2:0091500
3:00164100
4:00315000
5:00486400
6:00581300
7:00724600
8:00910500
9:001126400
10:001358500
11:001641200
12:002000600
13:002373000
14:0027484110130
15:0031535348260
WHAT THE NUMBERS SAY

This is the role's baseline and wins slightly more than half its games with a huge metal lead but almost no kills, showing its value is economic not combat.

  • + Produces 31389 metal by 15:00, far above other roles.
  • + Reaches T2 lab and constructor by 4:15-4:33 almost every game.
  • − Barely destroys any enemy metal (400 by 15:00), no combat presence.
  • − Fusion Reactor and anti-nuke only land in 44% of games.
THE EXAMPLE YOU ARE READING

Amrissa

38.8 OS · 21/09/2026

Open source match ↗

1 received units
1149 metal received · 44586 energy received

Allied construction assistance is unknown. Timings are observations, not a promise of solo reproducibility.

Typical milestones

Bot Lab1:17Middle 50%: 1:13–1:32 · n=850
Advanced Bot Lab4:15Middle 50%: 4:04–4:27 · n=844
Advanced Metal Extractor5:28Middle 50%: 5:06–5:58 · n=848

Played most by

Amrissa100games of this buildSyphos39games of this buildKOT_38games of this buildAdeus33games of this buildTeaner31games of this build